 Dungeon Crawl Stone Soup version 0.28-a0-224-g76b539d98b (webtiles) character file.

Game seed: 7121558920576145001

9849 Spaninq the Fighter (level 11, -8/120 HPs)
             Began as an Ogre Warper on Aug 21, 2021.
             Was an Elder of Okawaru.
             Mangled by a manticore (18 damage)
             ... on level 10 of the Dungeon.
             The game lasted 00:35:56 (16039 turns).

Spaninq the Fighter (Ogre Warper)                  Turns: 16039, Time: 00:35:57

Health: -8/120     AC: 10    Str: 26    XL:     11   Next: 52%
Magic:  0/23       EV: 10    Int: 14    God:    Okawaru [****..]
Gold:   493        SH:  0    Dex:  8    Spells: 12/14 levels left

rFire   . . .      SeeInvis .   r - +2 whip (elec)
rCold   . . .      Faith    .   (no shield)
rNeg    . . .      Spirit   +   v - +0 acid dragon scales
rPois   .          Reflect  .   b - +2 hat
rElec   .          Harm     .   (no cloak)
rCorr   +          Rampage  .   (gloves unavailable)
Will    +....                   (boots unavailable)
Stlth   +.........              f - amulet of guardian spirit
HPRegen 0.30/turn               e - ring of magical power
MPRegen 0.18/turn               p - +6 ring of strength

@: no status effects
A: large, unfitting armour, tough skin 1
a: Renounce Religion, Heroism, Finesse


You were on level 10 of the Dungeon.
You worshipped Okawaru.
Okawaru was greatly pleased with you.
You visited 2 branches of the dungeon, and saw 11 of its levels.
You also visited: Sewer.

You collected 493 gold pieces.

Inventory:

Hand Weapons
 r - a +2 whip of electrocution (weapon)
 D - a +6 vorpal morningstar
 I - a +5 hand axe
Missiles
 d - 5 boomerangs of dispersal (quivered)
 x - 3 boomerangs
Armour
 b - a +2 hat (worn)
 v - +0 acid dragon scales (worn)
Jewellery
 e - a ring of magical power (left hand)
 f - an amulet of guardian spirit (around neck)
 g - an amulet of reflection
 n - an amulet of regeneration
 p - a +6 ring of strength (right hand)
 w - a ring of protection from cold
 E - a ring of see invisible
Wands
 o - a wand of polymorph (17)
 q - a wand of iceblast (10)
 y - a wand of mindburst (47)
 C - a wand of paralysis (5)
Scrolls
 c - a scroll of blinking
 h - 3 scrolls of enchant armour
 i - 4 scrolls of teleportation
 l - a scroll of enchant weapon
 t - a scroll of fog
 F - 2 scrolls of fear
 G - a scroll of holy word
 H - a scroll of magic mapping
Potions
 a - 3 potions of mutation
 j - a potion of lignification
 k - a potion of brilliance
 m - a potion of invisibility
 u - 2 potions of resistance
 z - 2 potions of flight
 B - a potion of magic


   Skills:
 + Level 11.3 Fighting
 - Level 5.9(9.1) Axes
 * Level 9.8(10.4) Maces & Flails
 - Level 1.0 Throwing
 + Level 4.4 Armour
 - Level 6.2 Dodging
 - Level 2.4 Spellcasting
 - Level 2.6 Translocations
 - Level 2.9 Invocations
 + Level 3.1 Evocations


You had 12 spell levels left.
You knew the following spells:

 Your Spells              Type           Power      Damage    Failure   Level
a - Blink                 Tloc           N/A        N/A       14%         2

Your spell library contained the following spells:

 Spells                   Type           Power      Damage    Failure   Level
 Foxfire                  Conj/Fire      4%         2x1d4     26%         1
 Magic Dart               Conj           4%         1d3       26%         1
 Gell's Gravitas          Tloc           4%         N/A       26%         3
 Lesser Beckoning         Tloc           4%         N/A       26%         3
 Teleport Other           Tloc           9%         N/A       26%         3
 Searing Ray              Conj           2%         3d3       38%         2
 Conjure Flame            Conj/Fire      1%         6-21      63%         3
 Inner Flame              Hex/Fire       1%         N/A       63%         3
 Manifold Assault         Tloc           9%         N/A       94%         5
 Airstrike                Air            0%         N/A       95%         4
 Fulminant Prism          Conj/Hex       0%         3d6       95%         4
 Petrify                  Tmut/Erth      1%         N/A       95%         4
 Lightning Bolt           Conj/Air       0%         1d11      100%        5
 Metabolic Englaciation   Hex/Ice        0%         N/A       100%        5
 Statue Form              Tmut/Erth      0%         N/A       100%        6
 Summon Small Mammal      Summ           Unusable   N/A       N/A         1
 Call Canine Familiar     Summ           Unusable   N/A       N/A         3
 Summon Guardian Golem    Hex/Summ       Unusable   N/A       N/A         3
 Summon Lightning Spire   Summ/Air       Unusable   N/A       N/A         4

Dungeon Overview and Level Annotations

Branches:
Dungeon (10/15)            Temple (1/1) D:7           Sewer (visited)
   Lair: D:8-11         Orc: D:9-12

Altars:
Ashenzari
Cheibriados
Dithmenos
Elyvilon
Fedhas
Gozag
Hepliaklqana
Kikubaaqudgha
Makhleb
Nemelex Xobeh
Okawaru
Qazlal
Ru
Sif Muna
Trog
Uskayaw
Vehumet
Wu Jian
Xom
Yredelemnul
Zin
The Shining One

Shops:
D:7 :*=

Annotations:
D:2 1 runed translucent door, Crazy Yiuf
D:8 Joseph


Innate Abilities, Weirdness & Mutations

You are too large for most types of armour.
You have tough skin. (AC +1)


Message History

The manticore bites you.
The manticore claws you but does no damage. x2
You hit the manticore.
The manticore is moderately wounded.
The manticore barely misses you. The manticore claws you.
The manticore barely misses you.
You barely miss the manticore.
The manticore is moderately wounded.
You whack the manticore!
The manticore is heavily wounded.
The manticore bites you but does no damage.
The manticore claws you but does no damage.
The manticore claws you.
* * * LOW HITPOINT WARNING * * *
You hit the manticore.
The manticore is heavily wounded.
You hit the manticore.
The manticore is severely wounded.
The manticore barely misses you. The manticore completely misses you.
The manticore claws you but does no damage.
You hit the manticore.
The manticore is severely wounded.
The manticore bites you!
* * * LOW HITPOINT WARNING * * *
The manticore claws you. The manticore claws you!
* * * LOW HITPOINT WARNING * * *
You hit the manticore.
The manticore is almost dead.
You barely miss the manticore.
The manticore is almost dead.
The manticore bites you!
* * * LOW HITPOINT WARNING * * *
The manticore closely misses you.
The manticore claws you but does no damage.
You hit the manticore.
The manticore is almost dead.
You completely miss the manticore.
The manticore is almost dead.
The manticore bites you!!
You die...

#.# #.#.#.#.#o#.#.#. ########.# #
#.###.###.#.#.# #.# .........# .#
#.#.#.#.#.#.#.#.#.##.........#
#.###.###.###)#.#.# #)#########.#
#.#.#.#.#.#.#.#.#.#.##########.#
###.###.###[###.#.#.## .........#
.#.#.#.#)#.#)#.#.#.#.##.........#
#.###.###.###.###.#.#.#........)#
.#.#)#)#.#.#.#.#@#.#.## ######..#
###.###)###.###H###.#.## #..# ###
### ############)#######..#
........[).........#
####################


You could see a manticore.

Vanquished Creatures
  3 two-headed ogres
  A kobold demonologist (D:10)
  3 hornets
  Grinder (Sewer)
  A troll (D:9)
  A shadow (D:10)
  4 yaks (D:8)
  A wraith (D:10)
  An acid dragon (D:10)
  3 water moccasins
  2 orc warriors
  A hornet zombie (D:8)
  4 black bears
  2 ogres
  9 centaurs
  A necrophage (Sewer)
  A phantom (D:7)
  2 kobold brigands
  A gnoll sergeant (D:8)
  2 bullfrogs
  6 scorpions
  A water moccasin zombie (D:5)
  A killer bee (D:10)
  20 wights
  An electric eel (D:7)
  2 bullfrog zombies (D:6)
  8 centaur zombies
  A jelly (D:7)
  5 hounds
  2 bullfrog skeletons
  2 gnoll shamans
  6 orc wizards
  An iguana (D:4)
  A howler monkey zombie (D:9)
  11 gnolls
  2 howler monkey skeletons (D:7)
  3 river rats (D:4)
  7 adders
  4 shadow imps
  A white imp (D:8)
  6 ufetubi
  5 worms
  A dart slug (D:3)
  8 orcs
  6 endoplasms
  4 giant cockroaches
  4 goblins
  5 hobgoblins
  2 quokkas
  7 ball pythons
  5 bats
  A frilled lizard (D:2)
  A giant cockroach zombie (Sewer)
  21 kobolds
  10 rats
215 creatures vanquished.

Vanquished Creatures (others)
  4 plants (D:7)
4 creatures vanquished.

Grand Total: 219 creatures vanquished

Notes
Turn   | Place    | Note
-------+----------+-------------------------------------------
     0 | D:1      | Spaninq the Ogre Warper began the quest for the Orb.
     0 | D:1      | Reached XP level 1. HP: 22/22 MP: 3/3
   529 | D:1      | Reached skill level 3 in Fighting
   529 | D:1      | Reached XP level 2. HP: 16/31 MP: 5/5
   534 | D:1      | Learned a level 2 spell: Blink
  1323 | D:2      | Reached XP level 3. HP: 15/37 MP: 6/6
  2008 | D:2      | Reached skill level 1 in Armour
  2008 | D:2      | Reached XP level 4. HP: 45/45 MP: 7/7
  2173 | D:2      | Found a runed translucent door.
  2174 | D:2      | Noticed Crazy Yiuf
  3233 | D:3      | Noticed an ogre
  3255 | D:3      | Killed an ogre
  3256 | D:3      | Reached skill level 4 in Fighting
  3256 | D:3      | Reached XP level 5. HP: 5/54 MP: 2/8
  3593 | D:3      | Found a shimmering blue altar of Sif Muna.
  4438 | D:4      | Found a glowing drain.
  4446 | D:4      | Reached XP level 6. HP: 35/63 MP: 9/9
  4451 | Sewer    | Entered a sewer
  4943 | Sewer    | Found an ancient bone altar of Kikubaaqudgha.
  5157 | Sewer    | Noticed a necrophage
  5177 | Sewer    | Killed a necrophage
  5178 | Sewer    | Reached skill level 5 in Fighting
  5178 | Sewer    | Reached skill level 5 in Axes
  5220 | Sewer    | Noticed Grinder
  5245 | Sewer    | Paralysed by Grinder for 4 turns
  5262 | Sewer    | Killed Grinder
  5263 | Sewer    | Reached XP level 7. HP: 56/74 MP: 10/10
  5572 | D:4      | Found a radiant altar of Vehumet.
  5927 | D:5      | Entered Level 5 of the Dungeon
  5945 | D:5      | Reached skill level 6 in Fighting
  5945 | D:5      | Reached skill level 1 in Maces & Flails
  6010 | D:5      | Reached XP level 8. HP: 49/83 MP: 11/11
  6886 | D:5      | Reached skill level 7 in Fighting
  7397 | D:6      | Reached XP level 9. HP: 61/94 MP: 12/12
  7531 | D:6      | Reached skill level 5 in Maces & Flails
  7676 | D:6      | Reached skill level 8 in Fighting
  9236 | D:7      | Noticed a hornet
  9712 | D:7      | Reached skill level 9 in Fighting
 10034 | D:7      | Found a staircase to the Ecumenical Temple.
 10043 | Temple   | Entered the Ecumenical Temple
 10211 | Temple   | Became a worshipper of Warmaster Okawaru
 10574 | D:7      | Paralysed by a hornet for 1 turns
 10576 | D:7      | Killed a hornet
 10936 | D:7      | Found Zezairan's General Store.
 10979 | D:7      | Found Egeg's Jewellery Shop.
 11013 | D:7      | Found Ukkysky's Book Boutique.
 11074 | D:8      | Reached XP level 10. HP: 87/107 MP: 13/13
 11401 | D:8      | Noticed a centaur warrior
 11401 | D:8      | Noticed Joseph
 11676 | D:8      | Noticed a two-headed ogre
 11698 | D:8      | Killed a two-headed ogre
 11698 | D:8      | Reached * piety under Okawaru
 11699 | D:8      | Reached skill level 5 in Dodging
 11699 | D:8      | Reached skill level 1 in Invocations
 11755 | D:8      | Reached skill level 10 in Fighting
 12378 | D:8      | Found an ancient bone altar of Kikubaaqudgha.
 12631 | D:9      | Reached ** piety under Okawaru
 13011 | D:9      | Noticed a two-headed ogre
 13021 | D:9      | Killed a two-headed ogre
 13022 | D:9      | Reached skill level 1 in Evocations
 13276 | D:9      | Found an opulent altar of Gozag.
 13504 | D:9      | Paralysed by a hornet for 2 turns
 13988 | D:10     | Entered Level 10 of the Dungeon
 14062 | D:10     | HP: 5/111 [centaur/arrow (5)]
 14070 | D:10     | HP: 3/111 [orc warrior (4)]
 15103 | D:10     | Noticed a two-headed ogre
 15113 | D:10     | Killed a two-headed ogre
 15113 | D:10     | Reached *** piety under Okawaru
 15114 | D:10     | Reached XP level 11. HP: 76/119 MP: 14/14
 15123 | D:10     | HP: 4/119 [centaur (2)]
 15528 | D:10     | Reached skill level 11 in Fighting
 15755 | D:10     | Reached **** piety under Okawaru
 16028 | D:10     | Noticed a manticore
 16039 | D:10     | Mangled by a manticore

Illustrated notes

Levels and vault maps discovered:
D:1:      mrwooster_arrival_statue_3, layout_basic
D:2:      layout_basic, uniq_crazy_yiuf_cottage
D:3:      layout_basic, amcnicky_altar_gilded, chequers_serial_rivers_room_a,
          chequers_serial_rivers_large_a
D:4:      layout_basic, nicolae_vehumet_radiance, portal_sewer_entry_e
D:5:      layout_loops_ring
D:6:      layout_basic
D:7:      layout_basic, minmay_temple_entry_junction, serial_shops, shop,
          nicolae_lakefront_shop, kennysheep_mini_moat, serial_bayou_ford_a
D:8:      cheibrodos_elevator_heist, layout_basic,
          mainiacjoe_overflow_six_doors_small, uniq_joseph
D:9:      layout_roguey, grunt_gozag_statues, minmay_misc_feat_diagonals,
          hangedman_decor_peaks_small
D:10:     minmay_imperfect_grid, layout_long_grid, minmay_st_funbox,
          uniq_gastronok
Temple:   regret_index_temple_mists

Skill      XL: |  1  2  3  4  5  6  7  8  9 10 11 |
---------------+----------------------------------+-----
Fighting       | 3 4 5 6 7 9 10 11 | 11.3
Axes           | 3 4 5 |  5.9
Armour         | 1 2 3 4 |  4.4
Maces & Flails | 2 4 7 9 |  9.8
Dodging        | 4 6 |  6.2
Invocations    | 2 |  2.9
Evocations     | 2 3 |  3.1
Throwing       | |  1.0
Spellcasting   | |  2.4
Translocations | |  2.6

Action                   |  1- 3 |  4- 6 |  7- 9 | 10-12 || total
-------------------------+-------+-------+-------+-------++-------
Melee: Hand axe          |   109 |   187 |       |       ||   296
       Whip              |       |    62 |   302 |   358 ||   722
       Morningstar       |       |       |     3 |       ||     3
 Cast: Blink             |       |       |     3 |       ||     3
Invok: Heroism           |       |       |       |     2 ||     2
Evoke: Wand              |       |       |       |     5 ||     5
  Use: Potion            |     2 |     1 |     2 |     4 ||     9
       Scroll            |       |     5 |    12 |     5 ||    22
 Stab: Sleeping          |       |     1 |       |       ||     1
       Paralysed         |       |       |       |    11 ||    11
       Invisible         |       |       |       |     2 ||     2
Armor: Robe              |    28 |    65 |    49 |    48 ||   190
       Skin              |       |     6 |       |    22 ||    28
       Acid dragon scale |       |       |       |    47 ||    47
Dodge: Dodged            |    51 |   111 |   129 |   158 ||   449

Table legend: (Time is in decaauts)
 A = Elapsed time spent in this place.
 B = Non-inter-level travel time spent in this place.
 C = Inter-level travel time spent in this place.
 D = Time resting spent in this place.
 E = Time spent auto-exploring this place.
 F = Levels seen in this place.
 G = Mean time per level.
                   A        B        C        D        E       F      G
               +--------+--------+--------+--------+--------+-----+--------+
         Total |  15995 |  15528 |    467 |   5254 |   7358 |  12 | 1332.9 |
       Dungeon |  14718 |  14262 |    456 |   4604 |   7126 |  10 | 1471.8 |
        Temple |    237 |    227 |     10 |      0 |    170 |   1 |  237.0 |
         Sewer |   1039 |   1039 |      0 |    650 |     61 |   1 | 1039.0 |
               +--------+--------+--------+--------+--------+-----+--------+

Top non-repeatable levels by time:
     D:6: 1961 daAuts
     D:9: 1944 daAuts
     D:7: 1686 daAuts
     D:3: 1680 daAuts
     D:5: 1650 daAuts
     D:2: 1484 daAuts
     D:8: 1481 daAuts
    D:10: 1060 daAuts
   Sewer: 1039 daAuts
     D:1: 960 daAuts
     D:4: 807 daAuts
  Temple: 237 daAuts
